 Dungeon Crawl Stone Soup version 0.29-a0-817-g9904bce7a6 (webtiles) character file.

Game seed: 17670402367206057060

35 blackman the Sneak (level 3, 0/29 HPs)
             Began as a Human Delver on July 5, 2022.
             Succumbed to a scorpion's poison
             ... on level 5 of the Dungeon.
             The game lasted 00:02:21 (847 turns).

blackman the Sneak (Human Delver)                    Turns: 847, Time: 00:02:23

Health: 0/29       AC:  5    Str: 14    XL:     3   Next: 52%
Magic:  3/3        EV: 12    Int: 10    God:
Gold:   54         SH:  0    Dex: 14    Spells: 2/2 levels left

rFire   . . .      SeeInvis .   a - +0 hand axe
rCold   . . .      Faith    .   (no shield)
rNeg    . . .      Spirit   .   b - +0 leather armour
rPois   .          Reflect  .   (no helmet)
rElec   .          Harm     .   h - +1 cloak {rCorr}
rCorr   +          Rampage  .   (no gloves)
Will    .....                   (no boots)
Stlth   +++.......              (no amulet)
HPRegen 0.09/turn               (no ring)
MPRegen 0.08/turn               (no ring)

@: lethally poisoned (0 -> -6)
A: no striking features
a: no special abilities


You were on level 5 of the Dungeon.
You visited 1 branch of the dungeon, and saw 2 of its levels.

You collected 54 gold pieces.

Inventory:

Hand Weapons
 a - a +0 hand axe (weapon)
Armour
 b - a +0 leather armour (worn)
 h - a +1 cloak of preservation (worn)
Wands
 g - a wand of digging (3)
Scrolls
 c - a scroll of fog
 d - a scroll of magic mapping


   Skills:
 - Level 3.0 Fighting
 - Level 2.0 Axes
 - Level 2.0 Dodging
 - Level 5.0 Stealth
 * Level 2.9 Evocations


You had 2 spell levels left.
You didn't know any spells.
Your spell library was empty.

Dungeon Overview and Level Annotations

Branches:
Dungeon (6/15)
 Temple: D:4-7

Altars:


Message History

You kill the jackal!
You completely miss the scorpion. The scorpion closely misses you.
You barely miss the scorpion.
The scorpion stings you but does no damage.
The scorpion closely misses you.
You hit the scorpion.
The scorpion is moderately wounded.
The scorpion stings you but does no damage.
You slash the scorpion!
The scorpion is severely wounded.
The scorpion stings you.
You are poisoned.
The scorpion poisons you!
The scorpion stings you but does no damage.
You are too injured to fight recklessly!
You are too injured to fight recklessly!
Unknown command.
Blink to where?
Press: ? - help, Dir - move target You can't see that place. [the floor.] Blink to where?
Press: ? - help, Dir - move target, f - you
Okay, then.
As you read the scroll labelled JUEVIENEUPP, it crumbles to dust.
It was a scroll of blinking.
You feel very sick. The scorpion stings you!
* * * LOW HITPOINT WARNING * * *
As you read the scroll of fear, it crumbles to dust.
You assume a fearsome visage.
The scorpion looks frightened!
* * * LOW HITPOINT WARNING * * *
You feel sick.
There is a lethal amount of poison in your body!
There is a lethal amount of poison in your body!
There is a lethal amount of poison in your body!
There is a lethal amount of poison in your body!
* * * LOW HITPOINT WARNING * * *
You feel sick.
You die...

#.. #.. #..#.. # #..
#.... #.##.. ##.#.#
..... ..#.#
#..#######s..
#...........# #
####.#####†.####.#(#
#.# #@†.......# #.#
#.##.#### #.#
#......# #.#
####.#.# #.# #.#.#
#.# #.#.###########
#.# #..............
#.#
######.###########
#####.# #.. ...# #


You could see a scorpion (fleeing).

Vanquished Creatures
  A hound (D:5)
  3 jackals (D:5)
  A quokka (D:5)
5 creatures vanquished.

Notes
Turn   | Place    | Note
-------+----------+-------------------------------------------
     0 | D:5      | blackman the Human Delver began the quest for the Orb.
     0 | D:5      | Reached XP level 1. HP: 18/18 MP: 1/1
    57 | D:5      | Noticed a scorpion
   147 | D:5      | Noticed a hound
   173 | D:5      | Killed a hound
   174 | D:5      | Reached XP level 2. HP: 6/24 MP: 2/2
   174 | D:5      | Reached XP level 3. HP: 8/29 MP: 3/3
   758 | D:5      | Noticed a water moccasin
   767 | D:5      | Noticed a necrophage
   846 | D:5      | HP: 1/29 [poisoned by a scorpion]
   847 | D:5      | Succumbed to a scorpion's poison

Illustrated notes

Levels and vault maps discovered:
D:5:      layout_loops_ring, chequers_garden
D:6:      layout_rooms, uniq_menkaure

Skill      XL: |  1 |
---------------+----+-----
Evocations     | 2 |  2.9
Fighting       | |  3.0
Axes           | |  2.0
Dodging        | |  2.0
Stealth        | |  5.0

Action                   || total
-------------------------++-------
Melee: Hand axe          ||    29
  Use: Potion            ||     1
       Scroll            ||     2
Armor: Leather armour    ||    15
Dodge: Dodged            ||    23

Table legend: (Time is in decaauts)
 A = Elapsed time spent in this place.
 B = Non-inter-level travel time spent in this place.
 C = Inter-level travel time spent in this place.
 D = Time resting spent in this place.
 E = Time spent auto-exploring this place.
 F = Levels seen in this place.
 G = Mean time per level.
                   A        B        C        D        E       F      G
               +--------+--------+--------+--------+--------+-----+--------+
         Total |    834 |    825 |      9 |    389 |    144 |   2 |  417.0 |
       Dungeon |    834 |    825 |      9 |    389 |    144 |   2 |  417.0 |
               +--------+--------+--------+--------+--------+-----+--------+

Top non-repeatable levels by time:
     D:6: 433 daAuts
     D:5: 401 daAuts
